 Dungeon Crawl Stone Soup version 0.21.1-1-g345015f (webtiles) character file.

161 RollingDesktops the Grasshopper (level 5, -2/43 HPs)
             Began as a Gnoll Warper on May 25, 2018.
             Slain by a worm (9 damage)
             ... on level 3 of the Dungeon.
             The game lasted 00:09:47 (2255 turns).

RollingDesktops the Grasshopper (Gnoll Warper)      Turns: 2255, Time: 00:09:48

Health: -2/43      AC:  4    Str: 14    XL:     5   Next: 42%
Magic:  12/12      EV: 14    Int: 19    God:
Gold:   77         SH:  0    Dex: 14    Spells: 6/14 levels left

rFire    . . .     SeeInvis .   a - +1 falchion
rCold    . . .     Gourm    .   (no shield)
rNeg     . . .     Faith    .   j - +0 robe
rPois    .         Spirit   .   m - +2 hat
rElec    .         Reflect  .   (no cloak)
rCorr    .         Harm     .   (no gloves)
MR       .....                  (no boots)
Stlth    ++........             (no amulet)
HPRegen  0.14/turn              n - +3 ring of intelligence
MPRegen  0.13/turn              (no ring)

@: slowed, very slow
A: distributed training, fangs 1, strong nose
a: no special abilities


You were on level 3 of the Dungeon.
You were not hungry.

You visited 1 branch of the dungeon, and saw 3 of its levels.

You collected 77 gold pieces.

Inventory:

Hand Weapons
 a - a +1 falchion (weapon)
 k - a +0 short sword
Missiles
 e - 5 tomahawks of dispersal (quivered)
Armour
 b - a +0 leather armour
 j - a +0 robe (worn)
 m - a +2 hat (worn)
Jewellery
 n - a +3 ring of intelligence (left hand)
Scrolls
 d - a scroll of blinking
 g - 5 scrolls of identify {unknown}
 h - a scroll of immolation {unknown}
 i - 3 scrolls of remove curse {unknown}
 p - 4 scrolls of teleportation {unknown}
Books
 c - a book of Spatial Translocations

   Spells                             Type                      Level
   a - Blink                          Translocation                2
   b - Shroud of Golubria             Charms/Translocation         2
   c - Lesser Beckoning               Translocation                3
   d - Gell's Gravitas                Translocation                3
   e - Teleport Other                 Translocation                3
   f - Passage of Golubria            Translocation                4
Comestibles
 q - 2 rations


   Skills:
 + Level 4.8 Fighting
 + Level 1.4 Short Blades
 + Level 4.8 Long Blades
 + Level 1.4 Axes
 + Level 1.4 Maces & Flails
 + Level 1.4 Polearms
 + Level 1.4 Staves
 + Level 1.4 Slings
 + Level 1.4 Bows
 + Level 1.4 Crossbows
 + Level 3.0 Throwing
 + Level 3.0 Armour
 + Level 4.8 Dodging
 + Level 1.4 Stealth
 + Level 1.4 Shields
 + Level 1.4 Unarmed Combat
 + Level 5.2 Spellcasting
 + Level 1.1 Conjurations
 + Level 1.1 Hexes
 + Level 1.1 Charms
 + Level 1.1 Summonings
 + Level 1.1 Necromancy
 + Level 5.5 Translocations
 + Level 1.1 Transmutations
 + Level 1.1 Fire Magic
 + Level 1.1 Ice Magic
 + Level 1.1 Air Magic
 + Level 1.1 Earth Magic
 + Level 1.1 Poison Magic
 + Level 1.6 Invocations
 + Level 1.4 Evocations


You had 6 spell levels left.
You knew the following spells:

 Your Spells              Type           Power        Failure   Level  Hunger
a - Blink                 Tloc           N/A          1%          2    #......
b - Teleport Other        Tloc           ####....     3%          3    ##.....
c - Gell's Gravitas       Tloc           ####......   3%          3    ##.....


Dungeon Overview and Level Annotations

Branches:
Dungeon (3/15)

Altars:


Innate Abilities, Weirdness & Mutations

Your experience applies equally to all skills.
You have very sharp teeth.
Your uncanny sense of smell can sniff out nearby items.


Message History

A bat comes into view.
You hit the orc wizard.
You kill the orc wizard!
Your Throwing skill increases to level 3!
Your Armour skill increases to level 3!
The orc wizard is no longer moving quickly.
The bat hits you but does no damage.
You hit the worm.
The worm is lightly wounded.
The worm barely misses you. The bat closely misses you.
You hit the worm.
The worm is moderately wounded.
The bat closely misses you. The bat hits you but does no damage.
The worm misses you.
You hit the worm.
The worm is heavily wounded.
The bat closely misses you.
The orc wizard mumbles some strange words.
The orc wizard blinks!
The worm bites you!
You die...

.∆ #.#.# # #.
.##.# ..
.##..# #
#.#.###.###.#
#...........#
........w####
# #.#.###..#
.#
#.###.[####..#
#.....†ow@...#
#####..#####.#
#..........# ∆
...####..#.#
#.?....
...#.###
#####.# #


You could see a worm and an orc.

Vanquished Creatures
  2 orc wizards (D:3)
  4 adders (D:2)
  A dart slug (D:1)
  3 leopard geckos
  3 orcs (D:3)
  5 bats (D:2)
  A giant cockroach (D:1)
  7 hobgoblins
  7 jackals
  A quokka (D:2)
  2 ball pythons (D:1)
  9 frilled lizards
  5 goblins
  7 kobolds
  6 rats
63 creatures vanquished.

Vanquished Creatures (others)
  A plant (D:1)
1 creature vanquished.

Grand Total: 64 creatures vanquished

Notes
Turn   | Place    | Note
-------+----------+-------------------------------------------
     0 | D:1      | RollingDesktops the Gnoll Warper began the quest for the Orb.
     0 | D:1      | Reached XP level 1. HP: 20/20 MP: 6/6
   261 | D:1      | Reached XP level 2. HP: 23/26 MP: 7/7
   579 | D:1      | Reached XP level 3. HP: 23/31 MP: 9/9
   724 | D:1      | Reached skill level 5 in Spellcasting
   917 | D:2      | Learned a level 2 spell: Blink
   921 | D:2      | Learned a level 3 spell: Teleport Other
   925 | D:2      | Learned a level 3 spell: Gell's Gravitas
  1112 | D:2      | Reached skill level 1 in Invocations
  1147 | D:2      | Reached skill level 1 in Short Blades
  1147 | D:2      | Reached skill level 1 in Axes
  1147 | D:2      | Reached skill level 1 in Maces & Flails
  1147 | D:2      | Reached skill level 1 in Polearms
  1147 | D:2      | Reached skill level 1 in Staves
  1147 | D:2      | Reached skill level 1 in Slings
  1147 | D:2      | Reached skill level 1 in Bows
  1147 | D:2      | Reached skill level 1 in Crossbows
  1147 | D:2      | Reached skill level 1 in Stealth
  1147 | D:2      | Reached skill level 1 in Shields
  1147 | D:2      | Reached skill level 1 in Unarmed Combat
  1147 | D:2      | Reached skill level 1 in Evocations
  1300 | D:2      | Reached XP level 4. HP: 38/38 MP: 11/11
  1919 | D:3      | Reached skill level 1 in Conjurations
  1919 | D:3      | Reached skill level 1 in Hexes
  1919 | D:3      | Reached skill level 1 in Charms
  1919 | D:3      | Reached skill level 1 in Summonings
  1919 | D:3      | Reached skill level 1 in Necromancy
  1919 | D:3      | Reached skill level 1 in Transmutations
  1919 | D:3      | Reached skill level 1 in Fire Magic
  1919 | D:3      | Reached skill level 1 in Ice Magic
  1919 | D:3      | Reached skill level 1 in Air Magic
  1919 | D:3      | Reached skill level 1 in Earth Magic
  1919 | D:3      | Reached skill level 1 in Poison Magic
  1944 | D:3      | Reached XP level 5. HP: 12/43 MP: 12/12
  2243 | D:3      | HP: 2/43 [orc/club (1)]
  2255 | D:3      | Slain by a worm

Skill      XL: |  1  2  3  4  5 |
---------------+----------------+-----
Spellcasting   | 5 |  5.2
Invocations    | 1 |  1.6
Short Blades   | 1 |  1.4
Axes           | 1 |  1.4
Maces & Flails | 1 |  1.4
Polearms       | 1 |  1.4
Staves         | 1 |  1.4
Slings         | 1 |  1.4
Bows           | 1 |  1.4
Crossbows      | 1 |  1.4
Stealth        | 1 |  1.4
Shields        | 1 |  1.4
Unarmed Combat | 1 |  1.4
Evocations     | 1 |  1.4
Conjurations   | 1 |  1.1
Hexes          | 1 |  1.1
Charms         | 1 |  1.1
Summonings     | 1 |  1.1
Necromancy     | 1 |  1.1
Transmutations | 1 |  1.1
Fire Magic     | 1 |  1.1
Ice Magic      | 1 |  1.1
Air Magic      | 1 |  1.1
Earth Magic    | 1 |  1.1
Poison Magic   | 1 |  1.1
Throwing       | 3 |  3.0
Armour         | 3 |  3.0
Fighting       | |  4.8
Long Blades    | |  4.8
Dodging        | |  4.8
Translocations | |  5.5

Action                   |  1- 3 |  4- 6 || total
-------------------------+-------+-------++-------
Melee: Falchion          |   108 |    91 ||   199
       Bite              |    13 |    11 ||    24
       Punch             |     1 |     1 ||     2
 Cast: Blink             |       |     1 ||     1
  Use: Scroll            |       |     3 ||     3
       Potion            |       |     1 ||     1
 Stab: Sleeping          |     2 |     1 ||     3
  Eat: Ration            |     1 |       ||     1
       Chunk             |       |     1 ||     1
Armor: Leather armour    |     2 |       ||     2
       Robe              |    15 |    30 ||    45
Dodge: Dodged            |   108 |    82 ||   190
       Rpst.: Falchion   |    36 |    21 ||    57
